Cogmind - Beta 12 @@@ ROGUE MODE // 2023.10.29 @ 21:27:02 Player: Figgis Result: Self-destructed Performance ------------- Evolutions (6) 3000 Regions Visited (13) 2600 Robots Destroyed (173) 865 Value Destroyed (6506) 6506 Prototype IDs (35) 700 Alien Tech Used (0) 0 Bonus (784) 784 TOTAL SCORE: 14455 Bonus ------- High Alert Combat Kills 184 Follower Combat Kills 300 Aligned with FarCom 300 Cogmind --------- Core Integrity 173/1150 Matter 300/300 Energy 220/220 System Corruption 0% Temperature Cool (37) Movement Core (1500) Ox29 Location -4/Extension Parts ------- > --- POWER (2) -------- Angular-Deuterium Engine > --- PROPULSION (4) --- (None) > --- UTILITY (8) ------ Scrap Engine Huge Storage Unit Improved Targeting Computer > --- WEAPON (5) ------- (None) > --- INVENTORY (25) --- Improved Cooling System Improved Coolant Injector Superbattery (1500) High-capacity Matter Pod (200) Stasis Canceller Improved Hardlight Generator Improved Hacking Suite Advanced System Restoration Module Peak State ------------ > --- POWER ------------ Nuclear Core Improved Deuterium Engine > --- PROPULSION ------- Heavy Treads Heavy Treads > --- UTILITY ---------- Armored Scrap Engine Advanced Heat Sink Huge Storage Unit Improved Targeting Computer Improved Power Shielding Improved Shield Generator Force Field > --- WEAPON ----------- High-powered Shock Rifle Enhanced Coil Gun Heavy Rocket Launcher Kinetic Construct/G Cycling Ballistic Gauss Construct/C > --- INVENTORY -------- Armored Treads Advanced Treads Advanced Treads Advanced Medium Treads Improved Cooling System Advanced Cooling System Improved Coolant Injector Superbattery High-capacity Matter Pod Stasis Canceller Improved Hardlight Generator Improved Hacking Suite Advanced System Restoration Module Supersonic Drone Bay Chainsword Heavy Pick [Rating: 102] Favorites ----------- Power Nuclear Core Engine Ion Engine Power Core Nuclear Core Propulsion Light Treads Treads Light Treads Leg Constructs Wheel Armored Huge Wheel Utility Huge Storage Unit Device Improved Shield Generator Storage Huge Storage Unit Processor Improved Targeting Computer Hackware Hacking Suite Protection Hardened Medium Armor Plating Weapon Heavy Assault Rifle Energy Gun EM Shotgun Ballistic Gun Heavy Assault Rifle Ballistic Cannon Advanced Assault Cannon Launcher Heavy Rocket Launcher Slashing Weapon Chainsword Piercing Weapon Heavy Pick Build | -11 -10 -10 -9 -9 -9 -8 -8 -7 -7 -7 -5 -4 -4 ------- Run | Jun Mat Min Mat Min Exi Min Mat Fac Sto Rec Fac Fac Ext Slots Evolved 12 | . . . 2 . . . 2 2 . . 4 2 . Power 1 | . . . . . . . . . . . 1 . . Propulsion 2 | . . . 1 . . . 1 . . . . . . Utility 6 | . . . 1 . . . . 2 . . 2 1 . Weapon 3 | . . . . . . . 1 . . . 1 1 . Parts Attached 103 | 3 7 5 17 . . 2 14 18 9 2 12 2 12 Power 14 | 1 1 1 2 . . 1 2 3 1 . 2 . . Engine 8 | 1 1 1 1 . . . 1 2 . . 1 . . Core 6 | . . . 1 . . 1 1 1 1 . 1 . . Reactor . | . . . . . . . . . . . . . . Propulsion 25 | 2 1 1 8 . . 1 4 1 1 . 2 . 4 Treads 21 | 2 1 1 8 . . 1 2 . . . 2 . 4 Leg . | . . . . . . . . . . . . . . Wheel 4 | . . . . . . . 2 1 1 . . . . Hover . | . . . . . . . . . . . . . . Flight . | . . . . . . . . . . . . . . Utility 33 | . 3 . 3 . . . 6 7 3 1 7 1 2 Device 17 | . . . . . . . . 5 2 1 6 1 2 Storage 4 | . 2 . 1 . . . 1 . . . . . . Processor 2 | . . . 1 . . . 1 . . . . . . Hackware 1 | . . . . . . . . 1 . . . . . Protection 9 | . 1 . 1 . . . 4 1 1 . 1 . . Artifact . | . . . . . . . . . . . . . . Weapon 31 | . 2 3 4 . . . 2 7 4 1 1 1 6 Energy Gun 9 | . . 1 1 . . . . 3 . . . 1 3 Energy Cannon . | . . . . . . . . . . . . . . Ballistic Gun 12 | . 2 1 3 . . . 2 2 . 1 1 . . Ballistic Cannon 6 | . . 1 . . . . . 1 4 . . . . Launcher 1 | . . . . . . . . . . . . . 1 Special Weapon . | . . . . . . . . . . . . . . Impact Weapon . | . . . . . . . . . . . . . . Slashing Weapon 2 | . . . . . . . . 1 . . . . 1 Piercing Weapon 1 | . . . . . . . . . . . . . 1 Special Melee Weapon . | . . . . . . . . . . . . . . Unidentified Prototypes 6 | . . . 2 . . . . 2 1 . 1 . . Parts Lost 49 | . . 1 3 . . 2 2 5 5 . 3 1 27 Power 5 | . . . . . . 1 . . 1 . . . 3 Propulsion 13 | . . . 2 . . 1 1 . 1 . 1 . 7 Utility 13 | . . . . . . . . 1 3 . 2 . 7 Weapon 18 | . . 1 1 . . . 1 4 . . . 1 10 Highest Loss Streak 18 | . . 1 2 . . 2 2 1 3 . 2 1 18 To Critical Strikes 2 | . . . 1 . . . . . . . . . 1 Average Slot Usage (%) 88 | . 87 100 98 100 100 99 98 81 80 76 79 77 53 Engine 4 | . 14 14 8 . . . . 4 2 . . 5 1 Core 5 | . . . 2 11 11 10 9 2 4 7 10 5 3 Treads 19 | . 28 28 32 33 33 32 34 . . . . 10 11 Wheel 4 | . . . . . . . . 15 14 15 10 . . Device 5 | . . . . . . . . 8 8 14 17 19 12 Storage 9 | . 13 14 11 11 11 11 9 7 7 7 5 5 5 Processor 6 | . . . 9 11 11 11 9 7 7 7 5 5 5 Hackware 1 | . . . . . . . . 6 7 . . . . Protection 7 | . 2 14 11 11 11 11 9 5 4 . 3 5 1 Energy Gun 3 | . . 11 8 . . . . 4 . . . 2 3 Ballistic Gun 13 | . 27 7 8 22 22 22 26 11 1 5 4 5 2 Ballistic Cannon 5 | . . 8 5 . . . . 3 12 15 16 11 1 Naked Turns . | . . . . . . . . . . . . . . Heaviest Build 133 | 3 29 34 101 101 101 101 104 114 114 112 126 133 132 Greatest Support 140 | 3 40 40 69 66 66 66 83 56 56 56 140 140 140 Greatest Overweight (x) 4 | . . . 1 1 1 1 3 2 3 1 4 . 4 Average Overweight (x) . | . . . 1 1 1 1 1 1 1 1 1 . . Largest Inventory Capacity 25 | 5 15 15 25 25 25 25 25 25 25 25 25 25 25 Average Capacity 22 | 5 9 15 24 25 25 25 25 25 25 25 25 25 25 Most Carried 25 | 5 11 15 25 25 25 25 25 25 24 24 24 17 17 Average Carried 18 | 3 4 14 20 25 24 24 23 23 20 15 17 16 11 Final Capacity 25 | 5 15 15 25 25 25 25 25 25 25 25 25 25 25 Final Carried 25 | 5 11 15 25 25 25 24 25 24 24 15 17 17 8 Scrap Engine Consumption 48 | . . . . . . . . . . 16 15 11 6 Constructs Created 5 | . . . . . . . . . . . 2 . 3 Constructs Modified 8 | . . . . . . . . . . . 1 1 6 Class Distribution -------------------- 51% | Mutant 14% | Skirmisher 12% | Tank 10% | Gunner 9% | Scavenger-Gunner Dominant Class ---------------- Mutant | -10/Materials Mutant | -10/Mines Mutant | -9/Materials Mutant | -9/Mines Mutant | -9/Exiles Mutant | -8/Mines Skirmisher | -8/Materials Scavenger-Gunner | -7/Factory Mutant | -7/Storage Gunner | -7/Recycling Tank | -5/Factory Tank | -4/Factory Mutant | -4/Extension Resources | -11 -10 -10 -9 -9 -9 -8 -8 -7 -7 -7 -5 -4 -4 ----------- Run | Jun Mat Min Mat Min Exi Min Mat Fac Sto Rec Fac Fac Ext Matter Collected 4167 | 169 211 211 472 . . 87 719 652 339 246 723 171 167 Remotely . | . . . . . . . . . . . . . . Salvage Created 6442 | . 284 216 904 . . 161 1240 1215 784 90 404 456 688 Parts 361 | . 23 17 70 . . 6 70 78 31 1 21 29 15 Haulers Intercepted 4 | . . . 2 . . . 2 . . . . . . Recyclers Shooed 5 | . . . . . . . 1 1 . . . . 3 Parts Field Recycled . | . . . . . . . . . . . . . . Retrieved Matter . | . . . . . . . . . . . . . . Parts Self-Destructed . | . . . . . . . . . . . . . . Prevented . | . . . . . . . . . . . . . . Kills | -11 -10 -10 -9 -9 -9 -8 -8 -7 -7 -7 -5 -4 -4 ------- Run | Jun Mat Min Mat Min Exi Min Mat Fac Sto Rec Fac Fac Ext Combat Hostiles Destroyed 145 | . 11 8 23 . . 3 21 27 18 2 13 10 9 Melee 2 | . . . . . . . . . . . . . 2 Guns 97 | . 11 5 16 . . 3 21 23 7 . 3 4 4 Cannons 40 | . . 2 7 . . . . 4 10 2 10 5 . AOE 6 | . . 1 . . . . . . 1 . . 1 3 Classes Destroyed 15 | . 2 . 5 . . . 3 4 . 1 . . . Worker 6 | . . . . . . . 4 1 1 . . . . Builder 2 | . . . . . . . . 1 1 . . . . Tunneler 1 | . . . . . . . . 1 . . . . . Hauler 4 | . . . 2 . . . 2 . . . . . . Recycler 4 | . . . . . . . 1 . . 1 . . 2 Operator 2 | . . . 1 . . . 1 . . . . . . Watcher 9 | . . . 5 . . . 3 1 . . . . . Swarmer 36 | . 6 5 7 . . . 7 . 2 . 4 5 . Grunt 62 | . 5 3 10 . . 3 11 16 7 . 3 3 1 Brawler 1 | . . . 1 . . . . . . . . . . Duelist 1 | . . . . . . . . 1 . . . . . Protector 1 | . . . . . . . . . . 1 . . . Sentry 26 | . . . 5 . . . 2 3 9 1 2 . 4 Hunter 6 | . . . . . . . 1 2 . . 2 . 1 Programmer 9 | . . . . . . . . 5 . . 2 2 . Thug 3 | . . . . . . . . . . . . . 3 Best Kill Streak 7 | . 3 3 5 . . 3 4 7 6 1 4 5 7 Combat Bots Only 6 | . 3 3 4 . . 3 4 6 6 1 4 5 5 Max Kills in Single Turn 2 | . 1 2 2 . . 1 2 1 1 1 1 2 2 Gunslinging 1 | . . 1 1 . . . 1 . . . . . . Exploded 1 | . . 1 . . . . . . 1 . . 1 1 Melee 1 | . . . . . . . . . . . . . 1 Uniques/NPCs Destroyed . | . . . . . . . . . . . . . . Combat | -11 -10 -10 -9 -9 -9 -8 -8 -7 -7 -7 -5 -4 -4 -------- Run | Jun Mat Min Mat Min Exi Min Mat Fac Sto Rec Fac Fac Ext Damage Taken 11835 | . 395 156 1087 . . 371 805 1667 1028 88 961 655 4622 Core 1704 | . 47 16 140 . . 15 108 142 156 15 88 52 925 Absorbed by Shields 1154 | . . . . . . . . 27 273 41 338 327 148 Redirected to Shielding 124 | . . . 8 . . . . . . . 54 21 41 Regen/Repaired (Parts) 686 | . 128 . 28 . . . . . 140 10 52 136 192 Core Remaining (%) 76 | 100 . 74 . . . 61 80 . . 55 91 . . Volleys Fired 370 | . 49 14 59 . . 11 60 51 34 11 32 16 33 Largest 5 | . 2 2 2 . . 2 3 3 2 3 4 4 5 Hottest 203 | . 40 89 100 . . 46 69 203 96 124 156 156 195 Shots Fired 1014 | . 98 27 118 . . 21 179 193 106 26 125 58 63 Gun 715 | . 98 24 84 . . 21 179 159 41 4 30 24 51 Cannon 293 | . . 3 34 . . . . 34 65 22 95 34 6 Launcher 6 | . . . . . . . . . . . . . 6 Special . | . . . . . . . . . . . . . . Kinetic 865 | . 98 22 73 . . 21 179 141 106 26 125 50 24 Thermal 101 | . . . 27 . . . . 52 . . . . 22 Explosive 6 | . . . . . . . . . . . . . 6 Electromagnetic 42 | . . 5 18 . . . . . . . . 8 11 Robot Hit Streak 29 | . 7 7 13 . . 17 11 18 29 8 8 16 21 Robot Miss Streak 6 | . 5 2 3 . . 1 3 4 6 4 5 2 4 Penetration Max 1 | . . . . . . . . . . . 1 . 1 Secondary Targets 11 | . . 2 4 . . 2 3 . . . . . . Max Gunslinging Chain 1 | . . 1 1 . . 1 1 . . . . . . Autonomous 84 | . . . . . . . . 42 42 . . . . Shots Hit Robots 729 | . 49 20 84 . . 18 122 160 85 19 76 38 58 Core Hits 390 | . 21 11 49 . . 8 54 85 56 10 34 20 42 Critical Kills 3 | . . . . . . . 2 . . . 1 . . Critical Parts Destroyed 8 | . 1 . . . . . 3 1 1 . 1 . 1 Critical Strikes 23 | . 1 . 2 . . . 5 2 4 2 3 . 4 Burn 3 | . . . 1 . . . . . . . . . 2 Destroy 12 | . 1 . . . . . 5 1 1 . 2 . 2 Blast 8 | . . . 1 . . . . 1 3 2 1 . . Melee Attacks 9 | . . . . . . . . . 3 . . . 6 Impact . | . . . . . . . . . . . . . . Slashing 3 | . . . . . . . . . 3 . . . . Piercing 6 | . . . . . . . . . . . . . 6 Sneak Attacks 3 | . . . . . . . . . 3 . . . . Combat Hostiles . | . . . . . . . . . . . . . . Follow-up Attacks . | . . . . . . . . . . . . . . Damage Inflicted 16835 | . 531 284 1713 . . 285 1892 3472 2693 457 1857 1060 2591 Guns 9976 | . 531 201 1067 . . 285 1892 2817 1202 64 455 530 932 Cannons 4781 | . . 46 609 . . . . 655 1107 393 1402 449 120 Explosions 1654 | . . 37 37 . . . . . 172 . . 81 1327 Melee 403 | . . . . . . . . . 212 . . . 191 Ramming 21 | . . . . . . . . . . . . . 21 Kinetic 12417 | . 531 169 1143 . . 285 1892 2482 2309 457 1857 884 408 Thermal 1871 | . . 37 324 . . . . 990 . . . 81 439 Explosive 1499 | . . . . . . . . . 172 . . . 1327 Electromagnetic 624 | . . 78 246 . . . . . . . . 95 205 Impact . | . . . . . . . . . . . . . . Slashing 212 | . . . . . . . . . 212 . . . . Piercing 191 | . . . . . . . . . . . . . 191 Highest Corruption 6 | . . . 3 3 3 3 2 1 . . 6 . . Average Corruption 2 | . . . 3 3 3 3 2 1 . . 1 . . Corruption Purged 1 | . . . . . . . . 1 . . . . . Corruption Blocked . | . . . . . . . . . . . . . . Effects 75 | . . . 24 2 10 9 19 5 . . 6 . . Message Errors 28 | . . . 11 1 4 5 7 . . . . . . Matter Fused 17 | . . . 3 . 3 . 5 3 . . 3 . . Heat Flow Errors 7 | . . . 4 1 . . 1 1 . . . . . Energy Discharges 4 | . . . 1 . 1 . . . . . 2 . . Data Loss (minor) 5 | . . . 1 . 1 1 1 1 . . . . . Data Loss (major) 6 | . . . 1 . 1 1 3 . . . . . . Misfires 4 | . . . 3 . . . 1 . . . . . . Alerts 1 | . . . . . . 1 . . . . . . . Weapon Failures 3 | . . . . . . 1 1 . . . 1 . . Overload Shots . | . . . . . . . . . . . . . . Overflow Damage 226 | . . . 5 . . . . 8 79 39 49 23 23 Projectiles 124 | . . . 5 . . . . 8 . 39 49 23 . Explosions 26 | . . . . . . . . . 3 . . . 23 Melee 76 | . . . . . . . . . 76 . . . . Knockbacks 46 | . . . 4 . . . . 9 9 2 14 8 . Impact . | . . . . . . . . . . . . . . Kinetic 45 | . . . 4 . . . . 8 9 2 14 8 . Secondary 1 | . . . . . . . . 1 . . . . . Self-Inflicted Damage 305 | . 78 32 . . . . . . 63 . . . 132 Shots 6 | . 1 1 . . . . . . 1 . . . 3 Rammed 5 | . . . . . . . . . . . . . 5 Targets Rammed 10 | . . . . . . . . . . . . . 10 Kicked 4 | . . . . . . . . . . . . . 4 Crushed 1 | . . . . . . . . . . . . . 1 Highest Temperature 456 | . 6 66 271 223 . 162 165 456 192 84 102 33 220 Average Temperature 65 | . 6 23 68 111 . 73 41 113 66 34 28 16 55 Received Heat Transfer 3232 | . 72 33 333 . . 225 405 606 364 20 95 79 1000 Effects 9 | . . . 2 . . . . 5 . . . . 2 Shutdowns 1 | . . . . . . . . 1 . . . . . Energy Bleed 2 | . . . 2 . . . . . . . . . . Interference 4 | . . . . . . . . 2 . . . . 2 Short Circuit 1 | . . . . . . . . 1 . . . . . Damage (minor) 1 | . . . . . . . . 1 . . . . . Siege Activations . | . . . . . . . . . . . . . . Robots Corrupted . | . . . . . . . . . . . . . . Combat Hostiles . | . . . . . . . . . . . . . . Parts Fried 1 | . . . 1 . . . . . . . . . . Impact Corruptions . | . . . . . . . . . . . . . . Robots Melted . | . . . . . . . . . . . . . . Combat Hostiles . | . . . . . . . . . . . . . . Parts Melted 3 | . . . 1 . . . . 1 . . . . 1 Heat Transferred 3698 | . . 50 716 . . . . 2031 . . . 50 851 Parts Sabotaged . | . . . . . . . . . . . . . . Parts Stolen . | . . . . . . . . . . . . . . Parts Stripped . | . . . . . . . . . . . . . . Power Chain Reactions 2 | . . 1 1 . . . . . . . . . . Missiles Intercepted . | . . . . . . . . . . . . . . Alert | -11 -10 -10 -9 -9 -9 -8 -8 -7 -7 -7 -5 -4 -4 ------- Run | Jun Mat Min Mat Min Exi Min Mat Fac Sto Rec Fac Fac Ext Peak Influence 752 | . 200 155 260 46 . 50 230 475 752 292 238 253 270 Initial 292 | . . 45 17 46 . . 19 51 177 292 4 61 123 Average 134 | . 101 65 111 46 . 4 86 208 564 165 60 117 194 Maximum Alert Level 3 | . 1 . 1 . . . 1 2 3 1 1 1 1 Low Security (%) 76 | 100 93 100 81 100 . 100 94 51 3 43 92 70 45 Level 1 18 | . 6 . 18 . . . 5 39 13 56 7 29 54 Level 2 4 | . . . . . . . . 9 58 . . . . Level 3 1 | . . . . . . . . . 24 . . . . Level 4 . | . . . . . . . . . . . . . . Level 5 . | . . . . . . . . . . . . . . High Security . | . . . . . . . . . . . . . . Max Security . | . . . . . . . . . . . . . . Squads Dispatched 25 | . 2 1 1 . . . 2 7 7 . 1 2 2 Investigation 7 | . 1 1 . . . . 1 1 1 . . 1 1 Extermination 7 | . . . . . . . . 5 . . 1 1 . Reinforcement 7 | . 1 . 1 . . . 1 1 2 . . . 1 Assault . | . . . . . . . . . . . . . . Garrison 4 | . . . . . . . . . 4 . . . . Intercept . | . . . . . . . . . . . . . . Searches Triggered . | . . . . . . . . . . . . . . Construction Impeded 1 | . . . . . . . . . . . . . 1 Haulers Reinforced 1 | . . . . . . . . . 1 . . . . Active Scanning Responses . | . . . . . . . . . . . . . . Cargo Convoy Interrupts . | . . . . . . . . . . . . . . Stealth | -11 -10 -10 -9 -9 -9 -8 -8 -7 -7 -7 -5 -4 -4 --------- Run | Jun Mat Min Mat Min Exi Min Mat Fac Sto Rec Fac Fac Ext Distress Signals 9 | . 2 . 1 . . . 3 . 2 . 1 . . Communications Jammed . | . . . . . . . . . . . . . . Distress Signals . | . . . . . . . . . . . . . . Times Spotted 217 | . 27 8 36 . . 3 34 36 32 4 14 10 13 Peak Tracking Total 5 | . 4 3 5 . . 3 3 5 5 1 4 5 5 Tactical Retreats 7 | . 2 . . . . . . 3 1 . 1 . . Traps | -11 -10 -10 -9 -9 -9 -8 -8 -7 -7 -7 -5 -4 -4 ------- Run | Jun Mat Min Mat Min Exi Min Mat Fac Sto Rec Fac Fac Ext Traps Triggered 10 | . 1 . . . . . 1 4 1 . 2 1 . Indirectly . | . . . . . . . . . . . . . . Trap Hack Attempts . | . . . . . . . . . . . . . . Triggered . | . . . . . . . . . . . . . . Disarmed . | . . . . . . . . . . . . . . Reprogrammed . | . . . . . . . . . . . . . . Reused . | . . . . . . . . . . . . . . Traps Extracted . | . . . . . . . . . . . . . . Installed . | . . . . . . . . . . . . . . Triggered . | . . . . . . . . . . . . . . Most Traps Carried 3 | . . 3 3 2 2 1 1 . . . . . . Machines | -11 -10 -10 -9 -9 -9 -8 -8 -7 -7 -7 -5 -4 -4 ---------- Run | Jun Mat Min Mat Min Exi Min Mat Fac Sto Rec Fac Fac Ext Machines Disabled 16 | . 1 . 1 . . . . 3 4 . 1 6 . Max in Single Turn 3 | . 1 . 1 . . . . 1 1 . 1 3 . Garrison Access 1 | . . . . . . . . . . . 1 . . Machines Repaired . | . . . . . . . . . . . . . . Machines Sabotaged . | . . . . . . . . . . . . . . Overloaded Fab Kills . | . . . . . . . . . . . . . . Hacking | -11 -10 -10 -9 -9 -9 -8 -8 -7 -7 -7 -5 -4 -4 --------- Run | Jun Mat Min Mat Min Exi Min Mat Fac Sto Rec Fac Fac Ext Machines Accessed 55 | . 8 1 8 . 2 . 7 5 8 10 4 . 2 Terminals 37 | . 7 . 6 . . . 6 3 6 6 1 . 2 Fabricators . | . . . . . . . . . . . . . . Repair Stations 4 | . 1 . 2 . . . . . 1 . . . . Recycling Units 7 | . . . . . . . . 1 . 4 2 . . Scanalyzers 2 | . . . . . . . 1 1 . . . . . Garrison Access 2 | . . . . . . . . . 1 . 1 . . Total Hacks 116 | . 17 1 24 . 2 . 17 10 17 18 6 . 4 Successful 55 | . 4 1 13 . 2 . 5 7 8 11 3 . 1 Failed 60 | . 12 . 11 . . . 12 3 9 7 3 . 3 Catastrophic 12 | . 1 . 1 . . . 2 1 2 2 1 . 2 Database Lockouts 1 | . 1 . . . . . . . . . . . . Manual 40 | . 13 . 9 . 1 . 8 1 6 2 . . . Terminals 82 | . 15 . 19 . . . 15 3 13 11 2 . 4 Fabricators . | . . . . . . . . . . . . . . Repair Stations 9 | . 2 . 5 . . . . . 2 . . . . Recycling Units 12 | . . . . . . . . 3 . 7 2 . . Scanalyzers 6 | . . . . . . . 2 4 . . . . . Garrison Access 4 | . . . . . . . . . 2 . 2 . . Terminal Hacks 32 | . 2 1 10 . 2 . 3 1 6 6 . . 1 Record 1 | . . . . . 1 . . . . . . . . Robot Analysis 7 | . 2 . 3 . . . . . 1 1 . . . Prototype ID Bank 1 | . . . . . . . . . 1 . . . . Open Door 2 | . . 1 . . . . . . 1 . . . . Branch Access Points 3 | . . . 1 . . . . 1 1 . . . . Emergency Access Points 1 | . . . . . . . . . 1 . . . . Alert Level 3 | . . . 1 . . . . . . 2 . . . Unreport Threat 4 | . . . 1 . . . 1 . 1 1 . . . Locate Traps 5 | . . . 3 . . . 1 . . . . . 1 Patrol Status 1 | . . . . . . . . . . 1 . . . Hauler Manifests 1 | . . . 1 . . . . . . . . . . Zone Layout 2 | . . . . . . . 1 . . 1 . . . EX-Prototype ID Bank 1 | . . . . . 1 . . . . . . . . Fabricator Hacks . | . . . . . . . . . . . . . . Repair Station Hacks 7 | . 2 . 3 . . . . . 2 . . . . Scan Component 4 | . 1 . 2 . . . . . 1 . . . . Repair 3 | . 1 . 1 . . . . . 1 . . . . Recycling Unit Hacks 9 | . . . . . . . . 2 . 5 2 . . Report Inventory 7 | . . . . . . . . 1 . 4 2 . . Retrieve Components 2 | . . . . . . . . 1 . 1 . . . Scanalyzer 6 | . . . . . . . 2 4 . . . . . Insert Component 3 | . . . . . . . 1 2 . . . . . Analyze 3 | . . . . . . . 1 2 . . . . . Garrison Access Hacks 1 | . . . . . . . . . . . 1 . . Seal Access 1 | . . . . . . . . . . . 1 . . Unauthorized Hacks . | . . . . . . . . . . . . . . Terminals . | . . . . . . . . . . . . . . Fabricators . | . . . . . . . . . . . . . . Repair Stations . | . . . . . . . . . . . . . . Recycling Units . | . . . . . . . . . . . . . . Scanalyzers . | . . . . . . . . . . . . . . Garrison Access . | . . . . . . . . . . . . . . Data Cores Recovered 2 | . . . 1 . . . 1 . . . . . . Used 1 | . . . . . . . 1 . . . . . . Hacking Detections 35 | . 8 . 4 . . . 6 3 5 4 3 . 2 Full Trace Events 3 | . . . . . . . 2 . . . . . 1 Feedback Events . | . . . . . . . . . . . . . . Feedback Blocked . | . . . . . . . . . . . . . . Robot Schematics Acquired . | . . . . . . . . . . . . . . Robots Built . | . . . . . . . . . . . . . . Authchips . | . . . . . . . . . . . . . . Time . | . . . . . . . . . . . . . . Total Robot Build Rating . | . . . . . . . . . . . . . . Part Schematics Acquired 2 | . . . . . . . 1 1 . . . . . Parts Built . | . . . . . . . . . . . . . . Authchips . | . . . . . . . . . . . . . . Time . | . . . . . . . . . . . . . . Total Part Build Rating . | . . . . . . . . . . . . . . Parts Repaired 3 | . 1 . 1 . . . . . 1 . . . . Time 102 | . 26 . 32 . . . . . 44 . . . . Parts Recycled . | . . . . . . . . . . . . . . Recycled Matter . | . . . . . . . . . . . . . . Retrieved Matter . | . . . . . . . . . . . . . . Retrieved Components 13 | . . . . . . . . 7 . 6 . . . Parts Scanalyzed 3 | . . . . . . . 1 2 . . . . . Part Schematics Acquired 2 | . . . . . . . 1 1 . . . . . Parts Damaged . | . . . . . . . . . . . . . . Bothacking | -11 -10 -10 -9 -9 -9 -8 -8 -7 -7 -7 -5 -4 -4 ------------ Run | Jun Mat Min Mat Min Exi Min Mat Fac Sto Rec Fac Fac Ext Used RIF Installer . | . . . . . . . . . . . . . . Robots Hacked . | . . . . . . . . . . . . . . Non-combat . | . . . . . . . . . . . . . . Combat . | . . . . . . . . . . . . . . Robot Hacks Applied . | . . . . . . . . . . . . . . Relay Couplers Released . | . . . . . . . . . . . . . . Fabnet Peak Effective % . | . . . . . . . . . . . . . . Robots Rewired . | . . . . . . . . . . . . . . Allies Hacked . | . . . . . . . . . . . . . . Hacks Repelled . | . . . . . . . . . . . . . . Allies | -11 -10 -10 -9 -9 -9 -8 -8 -7 -7 -7 -5 -4 -4 -------- Run | Jun Mat Min Mat Min Exi Min Mat Fac Sto Rec Fac Fac Ext Total Allies 10 | . . . . . . . . . 10 . . . . Largest Group 10 | . . . . . . . . . 10 3 . . . Highest-Rated Group 173 | . . . . . . . . . 173 61 . . . Highest-Rated Ally 29 | . . . . . . . . . 29 29 . . . Total Orders 2 | . . . . . . . . . . . 2 . . EXPLORE 2 | . . . . . . . . . . . 2 . . Ally Attacks 99 | . . . . . . . . . 86 13 . . . Total Damage 1199 | . . . . . . . . . 1037 162 . . . Kills 15 | . . . . . . . . . 15 . . . . Allies Corrupted . | . . . . . . . . . . . . . . Allies Melted . | . . . . . . . . . . . . . . Intel | -11 -10 -10 -9 -9 -9 -8 -8 -7 -7 -7 -5 -4 -4 ------- Run | Jun Mat Min Mat Min Exi Min Mat Fac Sto Rec Fac Fac Ext Robot Analysis Total 6 | . 2 . 2 . . . . . 1 1 . . . Derelict Logs Recovered 2 | . . 2 . . . . . . . . . . . Drone Launches 2 | . . . . . . . . . . . 2 . . Drone Recoveries 2 | . . . . . . . . . . . 2 . . Exploration | -11 -10 -10 -9 -9 -9 -8 -8 -7 -7 -7 -5 -4 -4 ------------- Run | Jun Mat Min Mat Min Exi Min Mat Fac Sto Rec Fac Fac Ext Turns Passed 12740 | 27 1153 1053 2241 77 533 516 1898 1602 638 712 1200 703 387 Spaces Moved 6165 | 32 551 594 795 33 221 201 657 1010 356 571 744 294 106 Core 37 | 32 5 . . . . . . . . . . . . Treads 3441 | . 546 594 795 33 221 201 603 . . . 49 294 105 Legs 1 | . . . . . . . . . . . . . 1 Wheels 2686 | . . . . . . . 54 1010 356 571 695 . . Hover . | . . . . . . . . . . . . . . Flight . | . . . . . . . . . . . . . . Fastest Speed 50 | 50 50 160 240 240 240 240 115 115 115 115 130 160 151 Average Speed 167 | 50 159 160 240 240 240 240 229 118 117 115 132 160 205 Slowest Speed 440 | 50 160 160 240 240 240 240 240 130 145 115 160 160 440 Overloaded Moves . | . . . . . . . . . . . . . . Propulsion Burnouts . | . . . . . . . . . . . . . . Robots Hopped . | . . . . . . . . . . . . . . Cave-ins Triggered . | . . . . . . . . . . . . . . Exploration Rate (%) 47 | 3 97 98 77 9 59 35 55 28 54 98 29 8 18 Regions Visited 13 Branch Regions 7 Pre-discovered Areas 1 | . . . . . 1 . . . . . . . . Known Exits Taken 4 | . . 1 1 . . . . 1 1 . . . . Unknown Exits Taken 9 | 1 1 . . 1 1 1 1 . . 1 1 1 . Scrap Searched 4 | . . 2 . . . 2 . . . . . . . Spaces Dug . | . . . . . . . . . . . . . . Terrain Destroyed 283 | . 30 6 5 . . . . 18 49 5 40 50 80 Melee . | . . . . . . . . . . . . . . Projectile 112 | . . 1 2 . . . . 18 25 5 40 12 9 AOE 171 | . 30 5 3 . . . . . 24 . . 38 71 Terrain Rammed . | . . . . . . . . . . . . . . Walls Destroyed . | . . . . . . . . . . . . . . Machines Disabled . | . . . . . . . . . . . . . . Actions | -11 -10 -10 -9 -9 -9 -8 -8 -7 -7 -7 -5 -4 -4 --------- Run | Jun Mat Min Mat Min Exi Min Mat Fac Sto Rec Fac Fac Ext Total 7839 | 42 740 673 1017 32 227 216 920 1290 507 610 892 493 180 Wait 1002 | . 121 44 106 . . . 158 188 97 12 86 180 10 Move 6152 | 31 550 593 794 32 220 200 656 1009 355 570 743 293 106 Hop . | . . . . . . . . . . . . . . Pick Up 122 | 8 12 11 27 . 3 2 17 14 8 2 13 2 3 Fast Attach 2 | . . . 1 . . . . 1 . . . . . Attach 69 | 3 6 1 7 . . 2 8 9 8 2 9 2 12 Detach 3 | . . . . . . . . 1 . 2 . . . Swap 32 | . 1 4 9 . . . 6 8 1 . 3 . . Drop 68 | . 1 6 14 . 4 1 15 9 1 11 6 . . Fire 370 | . 49 14 59 . . 11 60 51 34 11 32 16 33 Melee 9 | . . . . . . . . . 3 . . . 6 Ram 1 | . . . . . . . . . . . . . 1 Kick 4 | . . . . . . . . . . . . . 4 Crush 5 | . . . . . . . . . . . . . 5 Escape Stasis . | . . . . . . . . . . . . . . Rewire . | . . . . . . . . . . . . . . Trap . | . . . . . . . . . . . . . . Miscellaneous . | . . . . . . . . . . . . . . Route ------- -11/Junkyard -10/Materials (discovered 5 exits: *Mat x3 / *Min x2) -10/Mines -9/Materials (discovered 5 exits: *Mat x3 / *Min x2) -9/Mines (discovered 2 exits: *Mat / *Exi) -9/Exiles -8/Mines -8/Materials (discovered 2 exits: *Fac x2) -7/Factory (discovered 4 exits: [*Fac] / *Sto / *Low x2) -7/Storage -7/Recycling -5/Factory (discovered 2 exits: *Fac / [*Upp]) -4/Factory (discovered 2 exits: [*Upp] / *Ext) -4/Extension History --------- Turn | Location | Event 14 | -11/Junkyard | Discovered new exit (range 15) 28 | -11/Junkyard | Entered Materials 302 | -10/Materials | Build established: Mutant 317 | -10/Materials | Discovered new exit (range 12) 420 | -10/Materials | Discovered new exit (range 8) 715 | -10/Materials | Discovered new exit (range 8) 813 | -10/Materials | Central database locked down 825 | -10/Materials | Discovered new exit (range 16) 914 | -10/Materials | Repaired Lgt. Treads 1016 | -10/Materials | Discovered new exit (range 6) 1181 | -10/Materials | Entered Mines 1195 | -10/Mines | Met a Derelict bent on vengeance 1296 | -10/Mines | Found a hidden stash of uninstalled traps 1571 | -10/Mines | Met a Derelict shopkeep closing up shop 1815 | -10/Mines | Identified exit to Materials 1872 | -10/Mines | Learned Materials emergency access door positions 2234 | -10/Mines | Entered Materials 2234 | -9/Materials | Evolved 2 slots: Propulsion x1, Utility x1 2642 | -9/Materials | Repaired Imp. Treads 3162 | -9/Materials | Discovered new exit (range 5) 3538 | -9/Materials | Discovered new exit (range 15) 3990 | -9/Materials | Discovered new exit (range 10) 4356 | -9/Materials | Identified exit to Mines 4475 | -9/Materials | Entered Mines 4479 | -9/Mines | Assembled infested the area 4514 | -9/Mines | Discovered new exit (range 11) 4540 | -9/Mines | Deemed a non-threat by the Exiles lab entrance 4540 | -9/Mines | Discovered new exit (range 5) 4552 | -9/Mines | Entered Exiles 4617 | -9/Exiles | Met 8R-AWN 4665 | -9/Exiles | Met EX-HEX 4730 | -9/Exiles | Met EX-BIN 4759 | -9/Exiles | Aligned with FarCom system 4761 | -9/Exiles | Given EX-Vault access code 4816 | -9/Exiles | Opened EX-Vault 4837 | -9/Exiles | Found AWS/Gauss 4843 | -9/Exiles | Found Supersonic Drone Bay 4852 | -9/Exiles | Found Superbattery 4905 | -9/Exiles | Warned to stay clear of 0b10 Research branches 4982 | -9/Exiles | Learned location of Zion (-6) 5057 | -9/Exiles | Discovered new exit (range 10) 5085 | -9/Exiles | Stole three prototypes: Superbattery, Supersonic Drone Bay, AWS/Gauss 5085 | -9/Exiles | Entered Mines 5126 | -8/Mines | Discovered new exit (range 10) 5601 | -8/Mines | Entered Materials 5601 | -8/Materials | Evolved 2 slots: Propulsion x1, Weapon x1 5999 | -8/Materials | Build established: Skirmisher 6572 | -8/Materials | Discovered new exit (range 15) 7079 | -8/Materials | Discovered new exit (range 10) 7499 | -8/Materials | Entered Factory 7499 | -7/Factory | Evolved 2 slots: Utility x2 7501 | -7/Factory | FarCom data flow suspended 7797 | -7/Factory | Discovered new exit (range 16) 8177 | -7/Factory | Identified exit to Storage 8177 | -7/Factory | Identified exit to Lower Caves 8331 | -7/Factory | Build established: Scavenger-Gunner 8472 | -7/Factory | Found Powered Armor 8941 | -7/Factory | Discovered new exit (range 9) 9101 | -7/Factory | Entered Storage 9112 | -7/Storage | Garrison activated, responded to threat 9256 | -7/Storage | Garrison activated, responded to threat 9334 | -7/Storage | Build established: Mutant 9340 | -7/Storage | Lost 3 parts (1p2u) 9478 | -7/Storage | Assisted by bots powering up and referring to "LRC-V3" 9486 | -7/Storage | Identified exit to Recycling 9565 | -7/Storage | Repaired Adv. Assault Cannon 9731 | -7/Storage | Used back door to open Recycling access 9739 | -7/Storage | Entered Recycling 9739 | -7/Recycling | Accompanied by 3 allies 9747 | -7/Recycling | Found Scrap Engine 10131 | -7/Recycling | Build established: Gunner 10216 | -7/Recycling | Discovered new exit (range 14) 10451 | -7/Recycling | Entered Factory 10451 | -5/Factory | Evolved 4 slots: Power x1, Utility x2, Weapon x1 10848 | -5/Factory | Discovered new exit (range 24) 11248 | -5/Factory | Discovered new exit (range 7) 11344 | -5/Factory | Build established: Tank 11651 | -5/Factory | Entered another Factory area 11651 | -4/Factory | Evolved 2 slots: Utility x1, Weapon x1 12116 | -4/Factory | Discovered new exit (range 8) 12330 | -4/Factory | Discovered new exit (range 16) 12354 | -4/Factory | Entered Extension 12454 | -4/Extension | Disrupted transfer network 12538 | -4/Extension | Lost 18 parts (2p3n4u9w) 12715 | -4/Extension | Core integrity fell below 50% 12741 | -4/Extension | Core integrity fell below 20% 12741 | -4/Extension | Self-destructed Last Messages --------------- 12695_ Supersonic Drone Bay destroyed. 12698_ Slammed into G-67 Veteran. 12701_ Critical hit (Burn: +50). 12701_ Nuclear-Antimatter Core destroyed. 12701_ Arm. Scrap Engine damaged due to network destabilization (-6). 12702_ Arm. Scrap Engine constructs Angular-Deuterium Engine. 12704_ Slammed into G-67 Veteran. 12705_ Arm. Treads destroyed. 12707_ Slammed into G-67 Veteran. 12708_ Adv. Treads destroyed. 12712_ Kicked G-67 Veteran. 12722_ Kicked G-67 Veteran out of the way. 12723_ FC-Myomer Exoskeleton destroyed. 12723_ Arm. Scrap Engine damaged due to network destabilization (-10). 12723_ Critical hit (Burn: +37). 12726_ Slammed into G-67 Veteran. 12729_ Arm. Scrap Engine destroyed. 12729_ Scrap Engine core remains intact and functional. 12737_ Adv. Cooling System destroyed. 12741_ Critical hit (Burn: +50). Map ----- +----------------------------------------------------+ | | | | | | | | | | | | | | | | | | | | | | | | | ??????????????# ????????????????????????????????? | | ?????????????# ?####????????????????????????????? | | ???????????## ### ##?????###############???????? | | ??#???###### ## #?????# ??????? | | ####### ## #"" ######## ??????? | | # # ?????? | | # # # ?????? | | #### ## # # ?????? | | +%! % %% % % %### #########??????????? | | %# ! % #####%# T#?????????????????? | | ## # % ! #?#%##""##?????????????????? | | ?# ######## #?#Y#??????????????????????? | | ## # # # #####?#g#??????????????????????? | | ### ! ##"# #######@#??????????????????????? | | #?# " %!%!gg#??????????????????????? | | #?# = ##############??????????????????????? | | #?# / #???????????????????????????????????? | | #####?# #???????????????????????????????????? | | ??????# #???????????????????????????????????? | | ??????########???????????????????????????????????? | | ?????????????????????????????????????????????????? | | ?????????????????????????????????????????????????? | | ?????????????????????????????????????????????????? | | ?????????????????????????????????????????????????? | | ?????????????????????????????????????????????????? | | ?????????????????????????????????????????????????? | | ?????????????????????????????????????????????????? | | ?????????????????????????????????????????????????? | | ?????????????????????????????????????????????????? | | ?????????????????????????????????????????????????? | | ?????????????????????????????????????????????????? | | ?????????????????????????????????????????????????? | | ?????????????????????????????????????????????????? | | ?????????????????????????????????????????????????? | | ?????????????????????????????????????????????????? | | ?????????????????????????????????????????????????? | | #########????????????????????????????????????????? | | ???????????????????????????????????????? | +----------------------------------------------------+ Best States ------------- Heat Dissipation 74 Energy Generation 25 Energy Capacity 430 Matter Stores 300 Matter Capacity 300 Sight Range 16 Terrain Scan Density 10 Armor Coverage 225 Power Shielding 66 Utility Shielding 33 Evasion (%) 50 Targeting Accuracy 6 Recoil Reduction 4 Offensive Hacking 10 Item Schematics ----------------- Nuclear Core | -8/Materials | Scanalyzed Adv. Treads | -7/Factory | Scanalyzed Robot Schematics ------------------ None Fabricated ------------ Nothing Alien Tech Used ----------------- None Achievements -------------- None Challenges ------------ None Game ------ Seed GrapheneAssemblyExtractor Manual? 0 Play Time 01:12:02 Cumulative 89.3 hours Start 2023.10.29 @ 16:28:56 End 2023.10.29 @ 21:27:02 Sessions 3 Manual Loads 0 Difficulty Rogue Special Mode None Game No. 149 Rogue 146 Adventurer 3 Explorer 0 Win Type - Total 0 Types 0/0/0/0/0/0/0/0/0 Lore% 35 Gallery% 53 Achievement% 38 Wizard Run 0 Options --------- ASCII 0 Keyboard 0 Movement Mouse Keybinds 0 Fullscreen 2 Font 18/SmallcapsGlow Map View 76x50 Tactical HUD 1 Map Filters NONE Filters NONE Steam 1 RUN: 31e44eeb-3450-4e6d-bd48-c112c68deece